 Dungeon Crawl Stone Soup version 0.14-a0-2019-gd9bc7f0 (webtiles) character file.

4081 Nicoed the Hoplite (level 9, -13/81 HPs)
             Began as a Minotaur Fighter on Jan 19, 2014.
             Was a Believer of Okawaru.
             Mangled by a gnoll
             ... wielding a +1,+1 halberd of electrocution
              (21 damage)
             ... in a bailey.
             The game lasted 00:23:54 (7379 turns).

Nicoed the Hoplite (Minotaur Fighter)               Turns: 7379, Time: 00:23:55

HP -13/81        AC  7     Str 25      XL: 9   Next: 90%
MP   4/4         EV 12     Int  5      God: Okawaru [**....]
Gold 385         SH 23     Dex  9      Spells:  0 memorised,  8 levels left

rFire  x . .     SeeInvis .     p - +1,+0 elf long sword
rCold  + . .     Clarity  .     d - +2 leather armour of Imperfection {rPois}
rNeg   . . .     Conserve .     c - +0 shield
rPois  +         rCorr    .     (helmet restricted)
rElec  .         rRot     .     a - +0 cloak
SustAb . .       Spirit   .     (no gloves)
rMut   .         Warding  .     (no boots)
Saprov . . .     Stasis   .     (no amulet)
MR     .....                    (no ring)
                                B - ring of ice

@: not resistant to hostile enchantments, very unstealthy
A: retaliatory headbutt, horns 2
a: Heroism, Renounce Religion


You were in a bailey.
You worshipped Okawaru.
Okawaru was pleased with you.
You were not hungry.

You visited 1 branch of the dungeon, and saw 7 of its levels.
You also visited: Sewer and Bailey.

You collected 385 gold pieces.

Inventory:

Hand weapons
 p - a +1,+0 elven long sword (weapon)
Armour
 a - a +0 cloak (worn)
 c - a +0 shield (worn)
 d - the +2 leather armour of Imperfection (worn) {rPois}
   (You found it on level 6 of the Dungeon)

   It protects you from poison.
Magical devices
 k - a wand of draining (0)
 w - a wand of slowing (7)
Comestibles
 o - 2 meat rations
 q - a pear
Scrolls
 i - a scroll of blinking {unknown}
 j - a scroll of amnesia
 r - a scroll of fog
 s - 2 scrolls of enchant weapon I {unknown}
 u - a scroll of fear {unknown}
 v - a scroll of random uselessness {unknown}
 y - a scroll of noise {unknown}
 A - 2 scrolls of remove curse
 C - a scroll of recharging {unknown}
Jewellery
 B - a ring of ice (left hand)
Potions
 f - 3 potions of brilliance
 g - a potion of lignification
 h - 2 potions of cure mutation
 l - a potion of restore abilities {unknown}
 m - a potion of confusion {unknown}
 t - a potion of mutation {unknown}
 x - a potion of paralysis {unknown}
 z - 2 potions of magic {unknown}
Books
 b - a book of Death

   Spells                             Type                      Level
   Corpse Rot                         Necromancy                   2
   Sublimation of Blood               Necromancy                   2
   Agony                              Necromancy                   5
   Dispel Undead                      Necromancy                   5
   Excruciating Wounds                Charms/Necromancy            5
   Bolt of Draining                   Conjuration/Necromancy       5
 E - a book of Cantrips

   Spells                             Type                      Level
   Confusing Touch                    Hexes                        1
   Animate Skeleton                   Necromancy                   1
   Summon Small Mammal                Summoning                    1
   Apportation                        Translocation                1


   Skills:
 + Level 8.1 Fighting
 + Level 8.0 Long Blades
 + Level 8.5 Armour
 + Level 6.8 Dodging
 + Level 8.8 Shields


You had 8 spell levels left.
You didn't know any spells.

Dungeon Overview and Level Annotations

Branches:
Dungeon (7/16)             Temple (0/1) D:5

Altars:
Cheibriados
Okawaru
Sif Muna
Trog
Zin

Annotations:
D:7 Piginabag's ghost, experienced FoWn


Innate Abilities, Weirdness & Mutations

You reflexively headbutt those who attack you in melee.
You have a pair of horns on your head.


Message History

There is an open door, spattered with blood here.
You see here a tomahawk of returning.
The gnoll throws a tomahawk of returning.
You block the tomahawk of returning.
The weapon returns to the gnoll!
You see here a tomahawk of returning.
There's something blocking the doorway.
There's something blocking the doorway.
There's something blocking the doorway.
The goblin throws a tomahawk of returning.
You block the tomahawk of returning.
The weapon returns to the goblin!
The gnoll picks up a white potion.
The gnoll closely misses you.
There is an open door, spattered with blood here.
You see here a tomahawk of returning.
You barely miss the gnoll.
The goblin throws a tomahawk of returning.
The tomahawk of returning misses you.
The weapon returns to the goblin!
The gnoll hits you with a runed halberd.
* * * LOW HITPOINT WARNING * * *
You are electrocuted!
You die...

##%....# # ##g# +#
#g# #)## #g#g# #g#
### #### ###
#K###.# #.#)###.# #
##'##'##'###'##'##'
##g....# ##.....#
###gg...#####...(.#
#(@(.⌠..).#.'..∩(.'
###....)#####...((#
##.g..(## ##...(.#
##'##'##(###'##'##'
#.###.###()(###.###
### ### ##### ### #


You could see 2 gnolls and 2 goblins.

Vanquished Creatures
  The ghost of dsn the Carver, an experienced MiFi (Bailey)
  Pikel (D:4)
  The ghost of beef the Thaumaturge, an experienced DECj of Vehumet (Bailey)
  The ghost of Nicoed the Skirmisher, an average MiFi (D:4)
  An orc warrior (D:7)
  A phantom (D:7)
  2 ogres
  A centaur (D:5)
  A giant frog (D:7)
  5 big kobolds
  A hippogriff skeleton (D:5)
  A centaur zombie (D:6)
  3 crimson imps
  3 orc priests (D:4)
  Crazy Yiuf (D:2)
  2 scorpions
  A big fish (Sewer)
  2 iguanas (D:5)
  6 orc wizards
  6 worker ants
  A hound skeleton (D:4)
  12 gnolls
  A green rat (Sewer)
  2 giant mites (D:6)
  8 adders
  5 worms
  An adder skeleton (D:6)
  3 grey rats
  5 giant geckos
  3 oozes
  26 orcs
  11 bats
  36 goblins
  20 hobgoblins
  5 jackals
  5 giant cockroaches
  5 giant newts
  A goblin skeleton (D:4)
  A hobgoblin skeleton (D:6)
  23 kobolds
  A kobold skeleton (D:5)
  An orc zombie (D:5)
  10 rats
  3 ballistomycetes (D:5)
230 creatures vanquished.

Vanquished Creatures (others)
  An adder (D:5)
  2 gnolls (D:4)
  A bat skeleton (D:4)
  7 goblins
  10 hobgoblins (D:4)
  A giant spore (D:5)
  4 kobolds
  A rat (D:4)
27 creatures vanquished.

Grand Total: 257 creatures vanquished

Notes
Turn   | Place    | Note
--------------------------------------------------------------
     0 | D:1      | Nicoed, the Minotaur Fighter, began the quest for the Orb.
     0 | D:1      | Reached XP level 1. HP: 19/19 MP: 1/1
   122 | D:1      | Reached XP level 2. HP: 24/27 MP: 1/1
   621 | D:2      | Reached skill level 4 in Shields
   621 | D:2      | Reached XP level 3. HP: 28/33 MP: 2/2
   910 | D:2      | Reached skill level 1 in Dodging
  1021 | D:2      | Noticed Crazy Yiuf
  1031 | D:2      | Killed Crazy Yiuf
  1031 | D:2      | Reached XP level 4. HP: 36/40 MP: 2/2
  1536 | D:3      | Reached XP level 5. HP: 46/46 MP: 2/2
  1648 | D:4      | Noticed an ogre
  1655 | D:4      | Killed an ogre
  1846 | D:4      | Reached skill level 5 in Armour
  1894 | D:4      | Noticed a slave
  1895 | D:4      | Noticed Pikel
  1899 | D:4      | Noticed a slave
  1900 | D:4      | Noticed a slave
  1902 | D:4      | Noticed a slave
  1925 | D:4      | Killed Pikel
  1925 | D:4      | Reached skill level 5 in Fighting
  1925 | D:4      | Reached skill level 5 in Long Blades
  1925 | D:4      | Reached skill level 5 in Shields
  1925 | D:4      | Reached XP level 6. HP: 47/56 MP: 3/3
  1925 | D:4      | Reached XP level 7. HP: 51/61 MP: 3/3
  2015 | D:4      | Found a bloodstained altar of Trog.
  2103 | D:4      | Noticed Nicoed's ghost (average MiFi)
  2117 | D:4      | Killed Nicoed's ghost
  2117 | D:4      | Reached skill level 6 in Armour
  2777 | D:4      | Reached XP level 8. HP: 70/70 MP: 3/3
  3153 | D:4      | Found an iron altar of Okawaru.
  3311 | D:4      | Became a worshipper of Warmaster Okawaru
  3656 | D:5      | Entered Level 5 of the Dungeon
  3782 | D:5      | Found a staircase to the Ecumenical Temple.
  3788 | D:5      | Reached skill level 5 in Dodging
  3788 | D:5      | Reached skill level 7 in Shields
  4092 | D:5      | Found a snail-covered altar of Cheibriados.
  4634 | D:5      | Reached XP level 9. HP: 78/78 MP: 4/4
  5197 | D:6      | Found a glowing drain.
  5201 | Sewer    | Entered a sewer
  5345 | Sewer    | Found a white marble altar of Elyvilon.
  5499 | D:6      | Acquired Okawaru's first power
  5516 | D:6      | Got a slimy leather armour
  5557 | D:6      | Identified the +2 leather armour of Imperfection {rPois} (You found it on level 6 of the Dungeon)
  5937 | D:7      | Noticed Piginabag's ghost (experienced FoWn)
  6120 | D:7      | Found a glowing silver altar of Zin.
  6120 | D:7      | Noticed an angel
  6176 | D:7      | Found a deep blue altar of Sif Muna.
  6524 | D:7      | Reached skill level 8 in Shields
  6975 | D:7      | Found a flagged portal.
  6989 | Bailey   | Entered a bailey
  7045 | Bailey   | Noticed beef's ghost (experienced DECj)
  7068 | Bailey   | Killed beef's ghost
  7314 | Bailey   | Noticed dsn's ghost (experienced MiFi)
  7353 | Bailey   | Killed dsn's ghost
  7379 | Bailey   | Mangled by a gnoll

Action                   |  1- 3 |  4- 6 |  7- 9 || total
-------------------------+-------+-------+-------++-------
Melee: Falchion          |    95 |       |       ||    95
       Long sword        |     5 |    91 |   662 ||   758
Invok: Heroism           |       |       |     2 ||     2
Evoke: Wand              |       |       |     4 ||     4
  Use: Scroll            |       |       |    10 ||    10
       Potion            |       |       |    11 ||    11
